 Dungeon Crawl Stone Soup version 0.29-a0-477-g62b78b4225 (webtiles) character file.

Game seed: 3445713837267555671

14 greasedhog the Chopper (level 2, 0/26 HPs)
             Began as a Hill Orc Monk on May 24, 2022.
             Slain by a hobgoblin (4 damage)
             ... on level 1 of the Dungeon.
             The game lasted 00:00:26 (548 turns).

greasedhog the Chopper (Hill Orc Monk)               Turns: 548, Time: 00:00:28

Health: 0/26       AC:  3    Str: 13    XL:     2   Next: 45%
Magic:  2/2        EV: 12    Int: 10    God:
Gold:   31         SH:  0    Dex: 13    Spells: 1/1 levels left

rFire   . . .      SeeInvis .   a - +0 hand axe
rCold   . . .      Faith    .   (no shield)
rNeg    . . .      Spirit   .   f - +0 leather armour
rPois   .          Reflect  .   (no helmet)
rElec   .          Harm     .   (no cloak)
rCorr   .          Rampage  .   (no gloves)
Will    .....                   (no boots)
Stlth   ++........              (no amulet)
HPRegen 0.08/turn               (no ring)
MPRegen 0.08/turn               (no ring)

@: lethally poisoned (0 -> -9)
A: no striking features
a: no special abilities


You were on level 1 of the Dungeon.
You visited 1 branch of the dungeon, and saw 1 of its levels.

You collected 31 gold pieces.

Inventory:

Hand Weapons
 a - a +0 hand axe (weapon)
Armour
 f - a +0 leather armour (worn)
Jewellery
 e - an amulet of reflection
Scrolls
 g - a scroll of magic mapping {unknown}
Potions
 b - a potion of invisibility {unknown}
 c - a potion of ambrosia
 d - a potion of heal wounds {unknown}
 h - a potion of might {unknown}


   Skills:
 - Level 3.6 Fighting
 * Level 4.6 Axes
 * Level 2.7 Dodging
 - Level 1.5 Stealth


You had one spell level left.
You didn't know any spells.
Your spell library was empty.

Dungeon Overview and Level Annotations

Branches:
Dungeon (1/15)

Altars:


Message History

You hit the quokka.
The quokka is moderately wounded.
The quokka twitches its whiskers.
The quokka bites you.
You closely miss the quokka.
The quokka is moderately wounded.
The quokka completely misses you.
You hit the quokka.
You kill the quokka!
A hobgoblin comes into view.
Found an emerald potion.
The hobgoblin shouts!
The kobold shouts!
The kobold throws a stone.
The stone closely misses you.
The kobold hits you with a +1 whip of venom.
You are poisoned.
A quokka comes into view.
You closely miss the kobold.
You feel sick. The kobold closely misses you.
You hit the kobold.
The kobold is moderately wounded.
You hit the hobgoblin but do no damage.
You feel sick. The kobold closely misses you. The hobgoblin barely misses you.
You closely miss the kobold. You barely miss the hobgoblin.
You feel sick.
The kobold hits you with a +1 whip of venom.
The hobgoblin hits you.
You are too injured to fight recklessly!
You are too injured to fight recklessly!
You are too injured to fight recklessly!
You are too injured to fight recklessly!
You are too injured to fight recklessly!
You are too injured to fight recklessly!
You are too injured to fight recklessly!
You are too injured to fight recklessly!
You are too injured to fight recklessly!
You are too injured to fight recklessly!
The kobold attacks as you move away!
The kobold hits you with a +1 whip of venom.
* * * LOW HITPOINT WARNING * * *
You are lethally poisoned!
The hobgoblin attacks as you move away! The hobgoblin hits you.
You die...

####.............
......###.#)#####
................. #
.................
.. ####.#.#.#.#....
...####.#.#.###.###
.................
.............##..
.....!.@.....+
.....rKg.....#
###..........#
.....######.## #
..... .# ## .... ..
#. .... # ##. ...
#.. #..


You could see a quokka, a hobgoblin and a kobold.

Vanquished Creatures
  A dart slug (D:1)
  A goblin (D:1)
  A hobgoblin (D:1)
  2 jackals (D:1)
  2 quokkas (D:1)
  2 bats (D:1)
  2 frilled lizards (D:1)
11 creatures vanquished.

Notes
Turn   | Place    | Note
-------+----------+-------------------------------------------
     0 | D:1      | greasedhog the Hill Orc Monk began the quest for the Orb.
     0 | D:1      | Reached XP level 1. HP: 19/19 MP: 1/1
   295 | D:1      | Reached XP level 2. HP: 22/26 MP: 2/2
   548 | D:1      | Slain by a hobgoblin

Illustrated notes

Levels and vault maps discovered:
D:1:      dpeg_arrival_circle_labyrinth_c, layout_basic, serial_shops,
          nicolae_shop_stone

Action                   || total
-------------------------++-------
Melee: Hand axe          ||    46
Armor: Robe              ||     7
       Leather armour    ||     3
Dodge: Dodged            ||    52

Table legend: (Time is in decaauts)
 A = Elapsed time spent in this place.
 B = Non-inter-level travel time spent in this place.
 C = Inter-level travel time spent in this place.
 D = Time resting spent in this place.
 E = Time spent auto-exploring this place.
 F = Levels seen in this place.
 G = Mean time per level.
                   A        B        C        D        E       F      G
               +--------+--------+--------+--------+--------+-----+--------+
         Total |    550 |    550 |      0 |      0 |    429 |   1 |  550.0 |
       Dungeon |    550 |    550 |      0 |      0 |    429 |   1 |  550.0 |
               +--------+--------+--------+--------+--------+-----+--------+

Top non-repeatable levels by time:
     D:1: 550 daAuts
